Demolitions vs Atomiques
Created - December 10, 2017 at 19:36
Goals
|
| Demolitions |
2 |
3 |
1 |
6 |
| Atomiques |
0 |
3 |
1 |
4 |
|
Shots
|
| Demolitions |
10 |
9 |
7 |
26 |
| Atomiques |
3 |
7 |
19 |
29 |
|
1st period
1. Demolitions , Darren Helm 11 (Erik Condra 12) at 15:00
2. Demolitions , Billy Sweat 4 (Ryan Russell 5, Darren Helm 31) at 15:57
Penalties :
Robert Bortuzzo (Vic) for Hooking (Minor) at 8:29, Corey Tropp (STB) for Goalie Interference (Minor) at 16:05
2nd period
3. Demolitions , Erik Condra 10 (Ryan Bayda 19) at 3:34 (SH)
4. Atomiques , Shayne Gostisbehere 6 (Unassisted) at 4:25
5. Demolitions , Erik Condra 11 (Bobby Butler 5, Darren Helm 32) at 4:32
6. Demolitions , Brendon Nash 4 (Bobby Butler 6) at 9:56 (PP)
7. Atomiques , Corey Tropp 10 (Steve McCarthy 10, Dwight King 9) at 16:08 (PP)
8. Atomiques , Dwight King 9 (Tyler Brenner 20, Shayne Gostisbehere 18) at 16:20 (PP)
Penalties :
Ryan Russell (Vic) for Hooking (Minor) at 2:21, Corban Knight (Vic) for Hooking (Minor) at 6:21, Corey Tropp (STB) for Hooking (Minor) at 9:51, Brock McGinn (STB) for Interference (Minor) at 10:13, Mike Sauer (Vic) for Slashing (Double Minor) at 14:54, Brett Sutter (STB) for High sticking (Minor) at 17:06
3rd period
9. Atomiques , Tyler Brenner 8 (Kenndal McArdle 14, Brett Sutter 10) at 4:08
10. Demolitions , Darren Helm 12 (Brendon Nash 8, Mike Sauer 5) at 19:16 (Empty Net)
Penalties :
Colby Cohen (STB) for Roughing (Minor) at 7:46, Steve McCarthy (STB) for Roughing (Minor) at 10:01, Erik Condra (Vic) for Hooking (Minor) at 16:41
Goalie Stats
Joe Cannata (Vic), 25 saves from 29 shots - (0.862), W, 4-8-2, 60:00 minutes
Sergei Bobrovsky (STB), 10 saves from 14 shots - (0.714), 24:32 minutes
Jeremy Smith (STB), 10 saves from 11 shots - (0.909), L, 3-6-0, 35:10 minutes
Players Stats for Demolitions
Player Name G A P +/- PIM S H SB GA TA FO MP PP MP PK MP
------------------------------------------------------------------------------------
Alex Hutchings 0 0 0 0 0 0 0 0 0 0 0/1 2:19 0:00 1:38
Andrew Campbell 0 0 0 1 0 0 0 0 0 1 0/0 20:33 4:12 3:34
Billy Sweat 1 0 1 0 0 1 1 0 0 0 0/0 8:17 0:00 0:00
Bobby Butler 0 2 2 3 0 2 1 1 0 1 5/11 28:26 5:31 5:15
Brandon McMillan 0 0 0 0 0 0 0 0 0 0 0/0 0:08 0:00 0:00
Brendon Nash 1 1 2 2 0 4 1 7 1 1 0/0 29:44 5:48 5:48
Corban Knight 0 0 0 0 2 3 1 0 0 1 2/6 11:09 0:00 0:34
Darren Helm 2 2 4 3 0 5 0 1 2 0 16/28 26:47 5:26 5:23
Erik Condra 2 1 3 4 2 4 1 1 1 0 1/1 17:28 5:26 2:13
Frazer Mclaren 0 0 0 0 0 1 0 0 0 1 0/1 10:15 0:00 0:00
Jack Skille 0 0 0 -1 0 2 2 1 0 0 0/0 16:27 4:29 0:00
Josh Beaulieu 0 0 0 0 0 0 0 0 0 0 0/1 4:00 0:05 0:50
Mike Sauer 0 1 1 2 4 0 3 1 1 1 0/0 26:47 5:48 4:53
Mitchell Moroz 0 0 0 0 0 0 0 0 0 0 0/0 0:00 0:00 0:00
Nick Pryor 0 0 0 0 0 0 0 0 0 0 0/0 2:18 0:00 0:00
Nicolas Blanchard 0 0 0 -1 0 1 3 1 0 0 2/7 16:14 4:29 0:00
Robert Bortuzzo 0 0 0 0 2 0 0 0 0 0 0/0 9:27 0:00 0:00
Ryan Bayda 0 1 1 0 0 0 3 0 1 0 1/1 19:19 4:29 2:51
Ryan Olsen 0 0 0 0 0 0 0 0 0 0 0/0 0:00 0:00 0:00
Ryan Russell 0 1 1 0 2 1 1 0 0 0 3/4 9:44 0:05 0:00
Seth Helgeson 0 0 0 1 0 2 0 0 0 1 0/0 20:50 4:12 3:34
Taylor Aronson 0 0 0 0 0 0 1 0 0 0 0/0 10:21 0:00 0:55
Thomas DiPauli 0 0 0 0 0 0 0 0 0 0 0/0 0:00 0:00 0:00
Vince Rocco 0 0 0 0 0 0 0 0 0 0 0/0 0:00 0:00 0:00
Players Stats for Atomiques
Player Name G A P +/- PIM S H SB GA TA FO MP PP MP PK MP
------------------------------------------------------------------------------------
Andreas Engqvist 0 0 0 0 0 0 0 0 0 0 3/5 10:43 0:00 2:13
Andrew Kozek 0 0 0 0 0 1 4 0 0 0 1/1 10:08 0:00 1:40
Bobby Farnham 0 0 0 0 0 2 4 0 0 0 0/0 13:47 3:56 0:00
Brett Sutter 0 1 1 -2 2 0 1 0 1 0 3/4 10:53 0:00 0:32
Brock McGinn 0 0 0 -1 2 2 1 0 2 1 0/0 13:13 0:00 0:00
Colby Cohen 0 0 0 1 2 0 1 0 1 0 0/0 11:58 0:00 1:07
Corey Tropp 1 0 1 -2 4 6 1 0 0 0 0/0 18:04 5:26 0:00
Davis Drewiske 0 0 0 0 0 1 0 2 0 1 0/0 16:39 0:00 5:58
Dwight King 1 1 2 -1 0 4 1 0 0 0 1/1 20:38 5:26 5:02
Jonas Junland 0 0 0 -2 0 0 1 0 1 2 0/0 21:17 3:46 3:54
Kenndal McArdle 0 1 1 -1 0 2 1 0 0 0 0/0 15:49 3:56 2:40
Kyle Wharton 0 0 0 -2 0 0 2 1 0 0 0/0 21:31 3:46 4:02
Marc-André Cliche 0 0 0 0 0 1 1 0 0 0 6/6 16:43 3:56 2:40
Max McCormick 0 0 0 0 0 0 1 0 0 0 0/0 7:37 0:00 0:00
Mitch Callahan 0 0 0 -1 0 0 1 0 0 0 0/0 8:49 0:00 0:00
Shayne Gostisbehere 1 1 2 -1 0 3 0 0 0 0 0/0 22:04 5:36 0:08
Steve McCarthy 0 1 1 -2 2 3 2 0 2 1 0/0 26:42 5:36 4:51
Tyler Brenner 1 1 2 -2 0 4 1 0 0 1 17/44 23:18 5:26 5:13
3 Stars
1 - Darren Helm (Vic)
2 - Erik Condra (Vic)
3 - Brendon Nash (Vic)
Power Play
Demolitions - 1 on 7 Attempt(s) - 14.29%
Atomiques - 2 on 6 Attempt(s) - 33.33%
Penalty Kill
Demolitions - 4 on 6 Attempt(s) - 66.67%
- Score 1 goal in Penalty Kill
Atomiques - 6 on 7 Attempt(s) - 85.71%
- Score 0 goal in Penalty Kill
Team Stat
Demolitions - Hits : 18 - Faceoff Wins : 30 - Blocked Shots : 13 - Penalty Minutes : 12
Atomiques - Hits : 23 - Faceoff Wins : 31 - Blocked Shots : 3 - Penalty Minutes : 12
Official
Referees : O'Halloran Dan and Pochmara Brian
Linesman : Mark Wheler and Shane Heyer
Game Notes
Brandon McMillan is injured at 1:13 of 1st period (Lower Body)
4:25 of 2nd period - Penalty Shot by Shayne Gostisbehere for Atomiques - Goal!
Jeremy Smith enters game at 4:32 of 2nd period
5:37 of 3rd period - Atomiques goal is going for a video replay. After video review, No Goal. The goalkeeper has been pushed into the net together with the puck after making a save.
Darren Helm has scored in a empty net!
Finance
Level 1 -- Attendance: 1608 (80.40%) -- Ticket Income $64,320
Level 2 -- Attendance: 717 (71.70%) -- Ticket Income $14,340
Total Attendance: 2325 (77.50%)
Total Ticket Income: $78,660
Other Income: $3,933
Total Income: $82,593
Demolitions
5 vs 5 Forward
Center Left Wing Right Wing Time % Phy DF OF
1 Darren Helm Bobby Butler Erik Condra 40 1 2 2
2 Nicolas Blanchard Ryan Bayda Jack Skille 30 1 2 2
3 Corban Knight Frazer Mclaren Bobby Butler 20 1 2 2
4 Brandon McMillan Billy Sweat Darren Helm 10 1 2 2
5 vs 5 Defense
Defense Defense Time % Phy DF OF
1 Brendon Nash Mike Sauer 40 1 2 2
2 Seth Helgeson Andrew Campbell 30 1 2 2
3 Robert Bortuzzo Taylor Aronson 20 1 2 2
4 Nick Pryor Brendon Nash 10 1 2 2
PowerPlay Forward
Center Left Wing Right Wing Time % Phy DF OF
1 Darren Helm Bobby Butler Erik Condra 60 1 2 2
2 Nicolas Blanchard Ryan Bayda Jack Skille 40 1 2 2
PowerPlay Defense
Defense Defense Time % Phy DF OF
1 Brendon Nash Mike Sauer 60 1 2 2
2 Seth Helgeson Andrew Campbell 40 1 2 2
Penalty Kill 4 Players Forward
Center Wing Time % Phy DF OF
1 Bobby Butler Darren Helm 60 1 2 2
2 Ryan Bayda Erik Condra 40 1 2 2
Penalty Kill 4 Players Defense
Defense Defense Time % Phy DF OF
1 Brendon Nash Mike Sauer 60 1 2 2
2 Seth Helgeson Andrew Campbell 40 1 2 2
Penalty Kill - 3 Players Forward
Forward Time % Phy DF OF
1 Bobby Butler 60 1 2 2
2 Darren Helm 40 1 2 2
Penalty Kill - 3 Players Defense
Defense Defense Time % Phy DF OF
1 Brendon Nash Mike Sauer 60 1 2 2
2 Seth Helgeson Andrew Campbell 40 1 2 2
4 vs 4 Forward
Center Wing Time % Phy DF OF
1 Bobby Butler Darren Helm 60 1 2 2
2 Ryan Bayda Erik Condra 40 1 2 2
4 vs 4 Defense
Defense Defense Time % Phy DF OF
1 Brendon Nash Mike Sauer 60 1 2 2
2 Seth Helgeson Andrew Campbell 40 1 2 2
Last Minutes Offensive
Center Left Wing Right Wing Defense Defense
Darren Helm Bobby Butler Erik Condra Brendon Nash Mike Sauer
Last Minutes Defensive
Center Left Wing Right Wing Defense Defense
Darren Helm Bobby Butler Erik Condra Brendon Nash Mike Sauer
Goaltenders
Starting : Joe Cannata
Backup : Olivier Roy
Extra Forwards
Normal : Ryan Russell, Josh Beaulieu, Alex Hutchings - PP : Ryan Russell, Josh Beaulieu - PK : Alex Hutchings
Extra Defensemen
Normal : Robert Bortuzzo, Taylor Aronson, Nick Pryor - PP : Robert Bortuzzo - PK : Taylor Aronson, Nick Pryor
Penalty Shots
Bobby Butler, Darren Helm, Ryan Bayda, Erik Condra, Jack Skille
Scratches
Martins Karsums (Healthy), Taylor Leier (Healthy), Brandon McMillan (Lower Body Injury), Jake Paterson (Healthy), Jussi Rynnas (Healthy)
Atomiques
5 vs 5 Forward
Center Left Wing Right Wing Time % Phy DF OF
1 Tyler Brenner Brock McGinn Corey Tropp 40 1 2 2
2 Marc-André Cliche Dwight King Bobby Farnham 30 1 2 2
3 Brett Sutter Kenndal McArdle Mitch Callahan 20 1 2 2
4 Andreas Engqvist Andrew Kozek Max McCormick 10 1 2 2
5 vs 5 Defense
Defense Defense Time % Phy DF OF
1 Steve McCarthy Shayne Gostisbehere 40 1 2 2
2 Kyle Wharton Jonas Junland 30 1 2 2
3 Davis Drewiske Colby Cohen 20 1 2 2
4 Steve McCarthy Davis Drewiske 10 1 2 2
PowerPlay Forward
Center Left Wing Right Wing Time % Phy DF OF
1 Tyler Brenner Dwight King Corey Tropp 60 1 2 2
2 Marc-André Cliche Kenndal McArdle Bobby Farnham 40 1 2 2
PowerPlay Defense
Defense Defense Time % Phy DF OF
1 Steve McCarthy Shayne Gostisbehere 60 1 2 2
2 Kyle Wharton Jonas Junland 40 1 2 2
Penalty Kill 4 Players Forward
Center Wing Time % Phy DF OF
1 Tyler Brenner Dwight King 60 1 2 2
2 Kenndal McArdle Marc-André Cliche 40 1 2 2
Penalty Kill 4 Players Defense
Defense Defense Time % Phy DF OF
1 Steve McCarthy Davis Drewiske 60 1 2 2
2 Kyle Wharton Jonas Junland 40 1 2 2
Penalty Kill - 3 Players Forward
Forward Time % Phy DF OF
1 Tyler Brenner 60 1 2 2
2 Dwight King 40 1 2 2
Penalty Kill - 3 Players Defense
Defense Defense Time % Phy DF OF
1 Steve McCarthy Davis Drewiske 60 1 2 2
2 Kyle Wharton Jonas Junland 40 1 2 2
4 vs 4 Forward
Center Wing Time % Phy DF OF
1 Tyler Brenner Dwight King 60 1 2 2
2 Kenndal McArdle Marc-André Cliche 40 1 2 2
4 vs 4 Defense
Defense Defense Time % Phy DF OF
1 Steve McCarthy Davis Drewiske 60 1 2 2
2 Kyle Wharton Jonas Junland 40 1 2 2
Last Minutes Offensive
Center Left Wing Right Wing Defense Defense
Tyler Brenner Dwight King Corey Tropp Steve McCarthy Davis Drewiske
Last Minutes Defensive
Center Left Wing Right Wing Defense Defense
Tyler Brenner Dwight King Corey Tropp Steve McCarthy Davis Drewiske
Goaltenders
Starting : Sergei Bobrovsky
Backup : Jeremy Smith
Extra Forwards
Normal : Andrew Kozek, Brett Sutter, Andreas Engqvist - PP : Andrew Kozek, Brett Sutter - PK : Andreas Engqvist
Extra Defensemen
Normal : Shayne Gostisbehere, Colby Cohen, Kyle Wharton - PP : Shayne Gostisbehere - PK : Colby Cohen, Kyle Wharton
Penalty Shots
Tyler Brenner, Dwight King, Kenndal McArdle, Marc-André Cliche, Andrew Kozek
Scratches
Darren Kramer (Healthy), Mike Halmo (Healthy), John Draeger (Healthy), Joseph Cramarossa (Healthy), Fredrik Claesson (Healthy)
Eric Gustafsson (Healthy), Anthony Nigro (Healthy), Eric Mestery (Healthy)
% Time on Ice - Demolitions
Lines # - Real PCT - Wanted PCT - Time Play
Normal Forward
1 - 24% - 40% - 9:39
2 - 30% - 30% - 11:59
3 - 26% - 20% - 10:15
4 - 21% - 10% - 8:17
Normal Defense
1 - 39% - 40% - 15:51
2 - 31% - 30% - 12:35
3 - 23% - 20% - 9:26
4 - 6% - 10% - 2:18
PP Forward
1 - 55% - 60% - 5:31
2 - 45% - 40% - 4:29
PP Defense
1 - 58% - 60% - 5:48
2 - 42% - 40% - 4:12
PK Forward
1 - 70% - 60% - 6:31
2 - 30% - 40% - 2:51
PK Defense
1 - 62% - 60% - 5:48
2 - 38% - 40% - 3:34
PK3 Forward
1 - 0% - 60%
2 - 0% - 40%
PK3 Defense
1 - 0% - 60%
2 - 0% - 40%
44 Forward
1 - 0% - 60%
2 - 0% - 40%
44 Defense
1 - 0% - 60%
2 - 0% - 40%
Last Minute Offensive - 0:00
Last Minute Defensive - 0:28
Total
Forward - 60:00
Defense - 60:00
|
% Time on Ice - Atomiques
Lines # - Real PCT - Wanted PCT - Time Play
Normal Forward
1 - 34% - 40% - 13:33
2 - 25% - 30% - 10:07
3 - 22% - 20% - 8:49
4 - 19% - 10% - 7:38
Normal Defense
1 - 41% - 40% - 16:36
2 - 34% - 30% - 13:37
3 - 23% - 20% - 9:15
4 - 2% - 10% - 0:39
PP Forward
1 - 58% - 60% - 5:26
2 - 42% - 40% - 3:56
PP Defense
1 - 60% - 60% - 5:36
2 - 40% - 40% - 3:46
PK Forward
1 - 73% - 60% - 7:20
2 - 27% - 40% - 2:40
PK Defense
1 - 61% - 60% - 6:06
2 - 39% - 40% - 3:54
PK3 Forward
1 - 0% - 60%
2 - 0% - 40%
PK3 Defense
1 - 0% - 60%
2 - 0% - 40%
44 Forward
1 - 0% - 60%
2 - 0% - 40%
44 Defense
1 - 0% - 60%
2 - 0% - 40%
Last Minute Offensive - 0:31
Last Minute Defensive - 0:00
Total
Forward - 60:00
Defense - 60:00
|
Play by Play
1st period
0:01 of 1st period - Tyler Brenner wins face-off versus Darren Helm in neutral zone.
0:26 of 1st period - Brendon Nash is hit by Steve McCarthy and loses puck.
0:48 of 1st period - Snap shot by Corban Knight.
0:48 of 1st period - Stopped by Sergei Bobrovsky without a rebound.
0:49 of 1st period - Brett Sutter wins face-off versus Corban Knight in Atomiques zone.
1:12 of 1st period - Brandon McMillan is hit by Andrew Kozek and loses puck.
1:13 of 1st period - Brandon McMillan from Demolitions is injured at 1:13 of 1st period (Lower Body).
1:14 of 1st period - Darren Helm wins face-off versus Tyler Brenner in Demolitions zone.
1:23 of 1st period - Snap shot by Bobby Butler.
1:23 of 1st period - Shot Misses the Net.
1:27 of 1st period - Wrist shot by Darren Helm.
1:27 of 1st period - Stopped by Sergei Bobrovsky with a rebound.
1:29 of 1st period - Slapshot by Erik Condra.
1:29 of 1st period - Stopped by Sergei Bobrovsky with a rebound.
1:39 of 1st period - Robert Bortuzzo is hit by Colby Cohen and loses puck.
2:13 of 1st period - Wrist shot by Bobby Butler.
2:13 of 1st period - Stopped by Sergei Bobrovsky with a rebound.
2:33 of 1st period - Snap shot by Kenndal McArdle.
2:33 of 1st period - Shot Misses the Net.
2:35 of 1st period - Slapshot by Jonas Junland.
2:35 of 1st period - Shot Misses the Net.
4:14 of 1st period - Nick Pryor is hit by Bobby Farnham and loses puck.
4:37 of 1st period - Slapshot by Steve McCarthy.
4:37 of 1st period - Shot Misses the Net.
5:27 of 1st period - Bobby Farnham is hit by Mike Sauer and loses puck.
6:06 of 1st period - Nicolas Blanchard is hit by Andrew Kozek.
6:26 of 1st period - Erik Condra is hit by Brock McGinn and loses puck.
7:48 of 1st period - Frazer Mclaren is hit by Brett Sutter.
8:29 of 1st period - Minor Penalty to Robert Bortuzzo for Hooking.
8:30 of 1st period - Tyler Brenner wins face-off versus Bobby Butler in Demolitions zone.
8:33 of 1st period - Snap shot by Corey Tropp.
8:33 of 1st period - Stopped by Joe Cannata with a rebound.
8:51 of 1st period - Wrist shot by Kenndal McArdle.
8:51 of 1st period - Stopped by Joe Cannata with a rebound.
9:03 of 1st period - Snap shot by Tyler Brenner.
9:03 of 1st period - Shot Misses the Net.
10:21 of 1st period - Steve McCarthy is hit by Corban Knight and loses puck.
10:29 of 1st period - Penalty to Robert Bortuzzo is over, Robert Bortuzzo is back on ice.
10:34 of 1st period - Andreas Engqvist is hit by Jack Skille and loses puck.
11:35 of 1st period - Corey Tropp is hit by Ryan Russell and loses puck.
11:52 of 1st period - Davis Drewiske is hit by Bobby Butler and loses puck.
12:03 of 1st period - Davis Drewiske is hit by Ryan Bayda and loses puck.
12:25 of 1st period - Icing by Billy Sweat.
12:26 of 1st period - Ryan Russell wins face-off versus Andreas Engqvist in Demolitions zone.
12:31 of 1st period - Steve McCarthy is hit by Ryan Bayda and loses puck.
13:08 of 1st period - Snap shot by Kenndal McArdle.
13:08 of 1st period - Shot Misses the Net.
13:18 of 1st period - Corban Knight is hit by Mitch Callahan and loses puck.
13:27 of 1st period - Wrist shot by Bobby Butler.
13:27 of 1st period - Deflect By Frazer Mclaren.
13:27 of 1st period - Shot Blocked by Davis Drewiske.
13:27 of 1st period - Puck is out of play.
13:28 of 1st period - Marc-André Cliche wins face-off versus Nicolas Blanchard in Atomiques zone.
13:43 of 1st period - Jack Skille is hit by Bobby Farnham and loses puck.
14:39 of 1st period - Snap shot by Corban Knight.
14:39 of 1st period - Stopped by Sergei Bobrovsky without a rebound.
14:40 of 1st period - Tyler Brenner wins face-off versus Corban Knight in Atomiques zone.
14:49 of 1st period - Wrist shot by Corban Knight.
14:49 of 1st period - Stopped by Sergei Bobrovsky without a rebound.
14:50 of 1st period - Darren Helm wins face-off versus Tyler Brenner in Atomiques zone.
15:00 of 1st period - Wrist shot by Darren Helm.
15:00 of 1st period - Goal by Darren Helm - Demolitions : 1 - Atomiques : 0.
15:01 of 1st period - Darren Helm wins face-off versus Tyler Brenner in neutral zone.
15:37 of 1st period - Wrist shot by Ryan Bayda.
15:37 of 1st period - Shot Misses the Net.
15:41 of 1st period - Slapshot by Jack Skille.
15:41 of 1st period - Stopped by Sergei Bobrovsky with a rebound.
15:55 of 1st period - Slapshot by Ryan Russell.
15:55 of 1st period - Shot Blocked by Kyle Wharton.
15:57 of 1st period - Wrist shot by Billy Sweat.
15:57 of 1st period - Goal by Billy Sweat - Demolitions : 2 - Atomiques : 0.
15:58 of 1st period - Bobby Butler wins face-off versus Tyler Brenner in neutral zone.
16:03 of 1st period - Snap shot by Erik Condra.
16:03 of 1st period - Stopped by Sergei Bobrovsky with a rebound.
16:05 of 1st period - Minor Penalty to Corey Tropp for Goalie Interference.
16:06 of 1st period - Darren Helm wins face-off versus Tyler Brenner in Atomiques zone.
18:05 of 1st period - Penalty to Corey Tropp is over, Corey Tropp is back on ice.
18:24 of 1st period - Icing by Brendon Nash.
18:25 of 1st period - Ryan Russell wins face-off versus Andreas Engqvist in Demolitions zone.
18:25 of 1st period - Ryan Russell is hit by Max McCormick.
18:49 of 1st period - Snap shot by Dwight King.
18:49 of 1st period - Stopped by Joe Cannata with a rebound.
19:06 of 1st period - Wrist shot by Tyler Brenner.
19:06 of 1st period - Shot Misses the Net.
19:43 of 1st period - Billy Sweat is hit by Andrew Kozek and loses puck.
19:56 of 1st period - Seth Helgeson is hit by Andrew Kozek and loses puck.
Goals for this period are 2 for Demolitions vs 0 for Atomiques.
Shots for this period are 10 for Demolitions vs 3 for Atomiques.
2nd period
0:01 of 2nd period - Darren Helm wins face-off versus Tyler Brenner in neutral zone.
0:10 of 2nd period - Snap shot by Erik Condra.
0:10 of 2nd period - Shot Misses the Net.
0:12 of 2nd period - Slapshot by Mike Sauer.
0:12 of 2nd period - Shot Misses the Net.
0:14 of 2nd period - Slapshot by Brendon Nash.
0:14 of 2nd period - Stopped by Sergei Bobrovsky without a rebound.
0:15 of 2nd period - Marc-André Cliche wins face-off versus Darren Helm in Atomiques zone.
0:22 of 2nd period - Snap shot by Dwight King.
0:22 of 2nd period - Deflect By Bobby Butler.
0:22 of 2nd period - Stopped by Joe Cannata with a rebound.
0:37 of 2nd period - Icing by Marc-André Cliche.
0:38 of 2nd period - Marc-André Cliche wins face-off versus Nicolas Blanchard in Atomiques zone.
0:51 of 2nd period - Slapshot by Tyler Brenner.
0:51 of 2nd period - Stopped by Joe Cannata with a rebound.
0:53 of 2nd period - Slapshot by Tyler Brenner.
0:53 of 2nd period - Stopped by Joe Cannata with a rebound.
1:30 of 2nd period - Seth Helgeson is hit by Marc-André Cliche and loses puck.
1:42 of 2nd period - Icing by Frazer Mclaren.
1:43 of 2nd period - Nicolas Blanchard wins face-off versus Tyler Brenner in Demolitions zone.
1:52 of 2nd period - Wrist shot by Nicolas Blanchard.
1:52 of 2nd period - Stopped by Sergei Bobrovsky with a rebound.
2:21 of 2nd period - Minor Penalty to Ryan Russell for Hooking.
2:22 of 2nd period - Bobby Butler wins face-off versus Tyler Brenner in Demolitions zone.
3:24 of 2nd period - Brendon Nash is hit by Corey Tropp.
3:34 of 2nd period - Snap shot by Erik Condra.
3:34 of 2nd period - Goal by Erik Condra - Demolitions : 3 - Atomiques : 0.
3:35 of 2nd period - Marc-André Cliche wins face-off versus Bobby Butler in neutral zone.
4:21 of 2nd period - Penalty to Ryan Russell is over, Ryan Russell is back on ice.
4:25 of 2nd period - Penalty Shot by Shayne Gostisbehere for Atomiques.
4:25 of 2nd period - Snap shot by Shayne Gostisbehere.
4:25 of 2nd period - Goal by Shayne Gostisbehere - Demolitions : 3 - Atomiques : 1.
4:26 of 2nd period - Darren Helm wins face-off versus Tyler Brenner in neutral zone.
4:27 of 2nd period - Darren Helm wins face-off versus Tyler Brenner in Atomiques zone.
4:30 of 2nd period - Snap shot by Erik Condra.
4:30 of 2nd period - Shot Misses the Net.
4:32 of 2nd period - Snap shot by Erik Condra.
4:32 of 2nd period - Goal by Erik Condra - Demolitions : 4 - Atomiques : 1.
4:32 of 2nd period - Jeremy Smith enters game.
4:33 of 2nd period - Darren Helm wins face-off versus Tyler Brenner in neutral zone.
4:43 of 2nd period - Slapshot by Brendon Nash.
4:43 of 2nd period - Stopped by Jeremy Smith without a rebound.
4:44 of 2nd period - Darren Helm wins face-off versus Tyler Brenner in Atomiques zone.
5:11 of 2nd period - Bobby Farnham is hit by Ryan Bayda and loses puck.
5:21 of 2nd period - Off-side.
5:22 of 2nd period - Darren Helm wins face-off versus Tyler Brenner in neutral zone.
5:35 of 2nd period - Corey Tropp is hit by Erik Condra and loses puck.
5:54 of 2nd period - Snap shot by Nicolas Blanchard.
5:54 of 2nd period - Shot Misses the Net.
5:56 of 2nd period - Slapshot by Jack Skille.
5:56 of 2nd period - Stopped by Jeremy Smith with a rebound.
6:10 of 2nd period - Wrist shot by Brett Sutter.
6:10 of 2nd period - Shot Blocked by Brendon Nash.
6:12 of 2nd period - Snap shot by Jonas Junland.
6:12 of 2nd period - Shot Blocked by Brendon Nash.
6:21 of 2nd period - Minor Penalty to Corban Knight for Hooking.
6:22 of 2nd period - Tyler Brenner wins face-off versus Bobby Butler in Demolitions zone.
6:30 of 2nd period - Backhand shot by Corey Tropp.
6:30 of 2nd period - Deflect By Dwight King.
6:30 of 2nd period - Shot Misses the Net.
6:30 of 2nd period - Puck is out of play.
6:31 of 2nd period - Bobby Butler wins face-off versus Tyler Brenner in Demolitions zone.
6:35 of 2nd period - Off-side.
6:36 of 2nd period - Tyler Brenner wins face-off versus Bobby Butler in neutral zone.
6:43 of 2nd period - Wrist shot by Dwight King.
6:43 of 2nd period - Shot Misses the Net.
6:45 of 2nd period - Slapshot by Steve McCarthy.
6:45 of 2nd period - Deflect By Bobby Butler.
6:45 of 2nd period - Stopped by Joe Cannata with a rebound.
6:47 of 2nd period - Snap shot by Shayne Gostisbehere.
6:47 of 2nd period - Shot Hit the Post.
7:09 of 2nd period - Mike Sauer is hit by Bobby Farnham and loses puck.
7:18 of 2nd period - Snap shot by Corey Tropp.
7:18 of 2nd period - Shot Blocked by Bobby Butler.
7:46 of 2nd period - Andrew Campbell is hit by Dwight King and loses puck.
8:08 of 2nd period - Off-side.
8:09 of 2nd period - Tyler Brenner wins face-off versus Alex Hutchings in neutral zone.
8:21 of 2nd period - Penalty to Corban Knight is over, Corban Knight is back on ice.
8:31 of 2nd period - Icing by Colby Cohen.
8:32 of 2nd period - Andreas Engqvist wins face-off versus Nicolas Blanchard in Atomiques zone.
8:59 of 2nd period - Wrist shot by Darren Helm.
8:59 of 2nd period - Stopped by Jeremy Smith with a rebound.
9:40 of 2nd period - Off-side.
9:41 of 2nd period - Corban Knight wins face-off versus Tyler Brenner in neutral zone.
9:51 of 2nd period - Minor Penalty to Corey Tropp for Hooking.
9:52 of 2nd period - Tyler Brenner wins face-off versus Darren Helm in Atomiques zone.
9:56 of 2nd period - Slapshot by Brendon Nash.
9:56 of 2nd period - Goal by Brendon Nash - Demolitions : 5 - Atomiques : 1.
9:57 of 2nd period - Tyler Brenner wins face-off versus Darren Helm in neutral zone.
10:13 of 2nd period - Minor Penalty to Brock McGinn for Interference.
10:14 of 2nd period - Darren Helm wins face-off versus Tyler Brenner in Atomiques zone.
10:28 of 2nd period - Slapshot by Bobby Butler.
10:28 of 2nd period - Shot Misses the Net.
11:06 of 2nd period - Erik Condra is hit by Kyle Wharton and loses puck.
11:33 of 2nd period - Snap shot by Andreas Engqvist.
11:33 of 2nd period - Shot Blocked by Nicolas Blanchard.
12:13 of 2nd period - Penalty to Brock McGinn is over, Brock McGinn is back on ice.
12:18 of 2nd period - Snap shot by Dwight King.
12:18 of 2nd period - Stopped by Joe Cannata with a rebound.
12:34 of 2nd period - Icing by Kyle Wharton.
12:35 of 2nd period - Brett Sutter wins face-off versus Ryan Russell in Atomiques zone.
14:54 of 2nd period - Double Minor Penalty to Mike Sauer for Slashing.
14:55 of 2nd period - Bobby Butler wins face-off versus Tyler Brenner in Demolitions zone.
15:25 of 2nd period - Off-side.
15:26 of 2nd period - Ryan Bayda wins face-off versus Tyler Brenner in neutral zone.
15:41 of 2nd period - Wrist shot by Dwight King.
15:41 of 2nd period - Shot Blocked by Brendon Nash.
15:56 of 2nd period - Slapshot by Shayne Gostisbehere.
15:56 of 2nd period - Deflect By Kenndal McArdle.
15:56 of 2nd period - Shot Blocked by Brendon Nash.
15:56 of 2nd period - Puck is out of play.
15:57 of 2nd period - Tyler Brenner wins face-off versus Bobby Butler in Demolitions zone.
16:04 of 2nd period - Snap shot by Corey Tropp.
16:04 of 2nd period - Shot Blocked by Darren Helm.
16:06 of 2nd period - Slapshot by Steve McCarthy.
16:06 of 2nd period - Shot Misses the Net.
16:08 of 2nd period - Wrist shot by Corey Tropp.
16:08 of 2nd period - Goal by Corey Tropp - Demolitions : 5 - Atomiques : 2.
16:09 of 2nd period - Bobby Butler wins face-off versus Tyler Brenner in neutral zone.
16:20 of 2nd period - Snap shot by Dwight King.
16:20 of 2nd period - Goal by Dwight King - Demolitions : 5 - Atomiques : 3.
16:21 of 2nd period - Darren Helm wins face-off versus Tyler Brenner in neutral zone.
16:28 of 2nd period - Slapshot by Brendon Nash.
16:28 of 2nd period - Stopped by Jeremy Smith with a rebound.
16:46 of 2nd period - Marc-André Cliche is hit by Nicolas Blanchard and loses puck.
16:55 of 2nd period - Wrist shot by Kyle Wharton.
16:55 of 2nd period - Shot Misses the Net.
17:06 of 2nd period - Minor Penalty to Brett Sutter for High sticking.
17:07 of 2nd period - Tyler Brenner wins face-off versus Darren Helm in Atomiques zone.
17:32 of 2nd period - Steve McCarthy is hit by Nicolas Blanchard and loses puck.
19:06 of 2nd period - Penalty to Brett Sutter is over, Brett Sutter is back on ice.
19:31 of 2nd period - Wrist shot by Corban Knight.
19:31 of 2nd period - Deflect By Shayne Gostisbehere.
19:31 of 2nd period - Shot Misses the Net.
19:31 of 2nd period - Puck is out of play.
19:32 of 2nd period - Andreas Engqvist wins face-off versus Frazer Mclaren in Atomiques zone.
19:41 of 2nd period - Corban Knight is hit by Jonas Junland and loses puck.
19:58 of 2nd period - Bobby Farnham is hit by Taylor Aronson and loses puck.
Goals for this period are 3 for Demolitions vs 3 for Atomiques.
Shots for this period are 9 for Demolitions vs 7 for Atomiques.
3rd period
0:01 of 3rd period - Tyler Brenner wins face-off versus Darren Helm in neutral zone.
0:10 of 3rd period - Slapshot by Steve McCarthy.
0:10 of 3rd period - Deflect By Brock McGinn.
0:10 of 3rd period - Shot Hit the Post.
0:10 of 3rd period - Puck is out of play.
0:11 of 3rd period - Darren Helm wins face-off versus Tyler Brenner in Demolitions zone.
0:11 of 3rd period - Erik Condra is hit by Tyler Brenner and loses puck.
0:22 of 3rd period - Wrist shot by Corey Tropp.
0:22 of 3rd period - Deflect By Brock McGinn.
0:22 of 3rd period - Stopped by Joe Cannata with a rebound.
0:24 of 3rd period - Snap shot by Tyler Brenner.
0:24 of 3rd period - Deflect By Erik Condra.
0:24 of 3rd period - Stopped by Joe Cannata with a rebound.
0:26 of 3rd period - Slapshot by Shayne Gostisbehere.
0:26 of 3rd period - Deflect By Brock McGinn.
0:26 of 3rd period - Stopped by Joe Cannata with a rebound.
0:45 of 3rd period - Slapshot by Jonas Junland.
0:45 of 3rd period - Shot Blocked by Jack Skille.
1:12 of 3rd period - Jonas Junland is hit by Billy Sweat and loses puck.
1:39 of 3rd period - Backhand shot by Corey Tropp.
1:39 of 3rd period - Stopped by Joe Cannata without a rebound.
1:40 of 3rd period - Nicolas Blanchard wins face-off versus Tyler Brenner in Demolitions zone.
3:29 of 3rd period - Snap shot by Shayne Gostisbehere.
3:29 of 3rd period - Stopped by Joe Cannata without a rebound.
3:30 of 3rd period - Marc-André Cliche wins face-off versus Corban Knight in Demolitions zone.
4:08 of 3rd period - Slapshot by Tyler Brenner.
4:08 of 3rd period - Goal by Tyler Brenner - Demolitions : 5 - Atomiques : 4.
4:09 of 3rd period - Tyler Brenner wins face-off versus Darren Helm in neutral zone.
4:34 of 3rd period - Dwight King is hit by Jack Skille and loses puck.
5:13 of 3rd period - Andrew Campbell is hit by Kenndal McArdle and loses puck.
5:22 of 3rd period - Wrist shot by Kenndal McArdle.
5:22 of 3rd period - Stopped by Joe Cannata with a rebound.
5:29 of 3rd period - Icing by Seth Helgeson.
5:30 of 3rd period - Tyler Brenner wins face-off versus Nicolas Blanchard in Demolitions zone.
5:35 of 3rd period - Snap shot by Tyler Brenner.
5:35 of 3rd period - Shot Misses the Net.
5:37 of 3rd period - Wrist shot by Corey Tropp.
5:37 of 3rd period - Atomiques goal is going for a video replay.
5:37 of 3rd period - The goal is refused. The goalkeeper has been pushed into the net together with the puck after making a save..
5:38 of 3rd period - Darren Helm wins face-off versus Tyler Brenner in Demolitions zone.
5:45 of 3rd period - Slapshot by Mike Sauer.
5:45 of 3rd period - Deflect By Darren Helm.
5:45 of 3rd period - Shot Misses the Net.
5:45 of 3rd period - Puck is out of play.
5:46 of 3rd period - Darren Helm wins face-off versus Tyler Brenner in Atomiques zone.
6:01 of 3rd period - Backhand shot by Corey Tropp.
6:01 of 3rd period - Stopped by Joe Cannata without a rebound.
6:02 of 3rd period - Dwight King wins face-off versus Darren Helm in Demolitions zone.
6:13 of 3rd period - Shayne Gostisbehere is hit by Mike Sauer and loses puck.
6:20 of 3rd period - Darren Helm is hit by Steve McCarthy and loses puck.
6:35 of 3rd period - Slapshot by Shayne Gostisbehere.
6:35 of 3rd period - Stopped by Joe Cannata with a rebound.
6:37 of 3rd period - Slapshot by Corey Tropp.
6:37 of 3rd period - Stopped by Joe Cannata with a rebound.
6:39 of 3rd period - Slapshot by Steve McCarthy.
6:39 of 3rd period - Shot Blocked by Mike Sauer.
6:41 of 3rd period - Slapshot by Corey Tropp.
6:41 of 3rd period - Shot Misses the Net.
7:17 of 3rd period - Slapshot by Andreas Engqvist.
7:17 of 3rd period - Shot Misses the Net.
7:19 of 3rd period - Slapshot by Kyle Wharton.
7:19 of 3rd period - Deflect By Andrew Kozek.
7:19 of 3rd period - Shot Misses the Net.
7:19 of 3rd period - Puck is out of play.
7:20 of 3rd period - Tyler Brenner wins face-off versus Nicolas Blanchard in Demolitions zone.
7:29 of 3rd period - Slapshot by Seth Helgeson.
7:29 of 3rd period - Stopped by Jeremy Smith with a rebound.
7:46 of 3rd period - Minor Penalty to Colby Cohen for Roughing.
7:47 of 3rd period - Erik Condra wins face-off versus Tyler Brenner in Atomiques zone.
7:50 of 3rd period - Wrist shot by Bobby Butler.
7:50 of 3rd period - Shot Misses the Net.
7:52 of 3rd period - Slapshot by Seth Helgeson.
7:52 of 3rd period - Deflect By Steve McCarthy.
7:52 of 3rd period - Stopped by Jeremy Smith without a rebound.
7:53 of 3rd period - Darren Helm wins face-off versus Tyler Brenner in Atomiques zone.
7:58 of 3rd period - Snap shot by Erik Condra.
7:58 of 3rd period - Deflect By Steve McCarthy.
7:58 of 3rd period - Shot Blocked by Davis Drewiske.
7:58 of 3rd period - Puck is out of play.
7:59 of 3rd period - Tyler Brenner wins face-off versus Darren Helm in Atomiques zone.
9:46 of 3rd period - Penalty to Colby Cohen is over, Colby Cohen is back on ice.
9:52 of 3rd period - Wrist shot by Marc-André Cliche.
9:52 of 3rd period - Stopped by Joe Cannata without a rebound.
9:53 of 3rd period - Corban Knight wins face-off versus Brett Sutter in Demolitions zone.
10:01 of 3rd period - Minor Penalty to Steve McCarthy for Roughing.
10:02 of 3rd period - Tyler Brenner wins face-off versus Darren Helm in Atomiques zone.
12:01 of 3rd period - Penalty to Steve McCarthy is over, Steve McCarthy is back on ice.
12:10 of 3rd period - Slapshot by Steve McCarthy.
12:10 of 3rd period - Deflect By Seth Helgeson.
12:10 of 3rd period - Stopped by Joe Cannata with a rebound.
12:16 of 3rd period - Snap shot by Frazer Mclaren.
12:16 of 3rd period - Stopped by Jeremy Smith with a rebound.
12:35 of 3rd period - Slapshot by Ryan Russell.
12:35 of 3rd period - Stopped by Jeremy Smith without a rebound.
12:36 of 3rd period - Marc-André Cliche wins face-off versus Josh Beaulieu in Atomiques zone.
12:47 of 3rd period - Wrist shot by Bobby Farnham.
12:47 of 3rd period - Stopped by Joe Cannata with a rebound.
13:45 of 3rd period - Wrist shot by Dwight King.
13:45 of 3rd period - Shot Misses the Net.
13:47 of 3rd period - Slapshot by Kyle Wharton.
13:47 of 3rd period - Shot Misses the Net.
13:49 of 3rd period - Snap shot by Kyle Wharton.
13:49 of 3rd period - Shot Misses the Net.
13:51 of 3rd period - Wrist shot by Bobby Farnham.
13:51 of 3rd period - Shot Misses the Net.
14:01 of 3rd period - Shayne Gostisbehere is hit by Brendon Nash and loses puck.
14:52 of 3rd period - Wrist shot by Tyler Brenner.
14:52 of 3rd period - Shot Misses the Net.
14:54 of 3rd period - Snap shot by Tyler Brenner.
14:54 of 3rd period - Shot Blocked by Brendon Nash.
14:56 of 3rd period - Wrist shot by Corey Tropp.
14:56 of 3rd period - Shot Misses the Net.
15:11 of 3rd period - Slapshot by Steve McCarthy.
15:11 of 3rd period - Shot Blocked by Brendon Nash.
15:17 of 3rd period - Brett Sutter is hit by Nicolas Blanchard.
15:38 of 3rd period - Wrist shot by Dwight King.
15:38 of 3rd period - Shot Misses the Net.
15:40 of 3rd period - Snap shot by Bobby Farnham.
15:40 of 3rd period - Stopped by Joe Cannata without a rebound.
15:41 of 3rd period - Ryan Russell wins face-off versus Tyler Brenner in Demolitions zone.
15:41 of 3rd period - Ryan Russell is hit by Kyle Wharton.
15:53 of 3rd period - Snap shot by Darren Helm.
15:53 of 3rd period - Stopped by Jeremy Smith with a rebound.
15:55 of 3rd period - Slapshot by Bobby Butler.
15:55 of 3rd period - Stopped by Jeremy Smith with a rebound.
16:05 of 3rd period - Robert Bortuzzo is hit by Bobby Farnham.
16:29 of 3rd period - Snap shot by Andrew Kozek.
16:29 of 3rd period - Stopped by Joe Cannata without a rebound.
16:30 of 3rd period - Andreas Engqvist wins face-off versus Darren Helm in Demolitions zone.
16:30 of 3rd period - Andreas Engqvist is hit by Mike Sauer.
16:41 of 3rd period - Minor Penalty to Erik Condra for Hooking.
16:42 of 3rd period - Tyler Brenner wins face-off versus Bobby Butler in Demolitions zone.
16:52 of 3rd period - Slapshot by Shayne Gostisbehere.
16:52 of 3rd period - Stopped by Joe Cannata with a rebound.
16:54 of 3rd period - Slapshot by Shayne Gostisbehere.
16:54 of 3rd period - Shot Blocked by Brendon Nash.
16:56 of 3rd period - Wrist shot by Steve McCarthy.
16:56 of 3rd period - Stopped by Joe Cannata with a rebound.
16:58 of 3rd period - Snap shot by Tyler Brenner.
16:58 of 3rd period - Shot Misses the Net.
18:41 of 3rd period - Penalty to Erik Condra is over, Erik Condra is back on ice.
18:58 of 3rd period - Atomiques, Jeremy Smith is pulled from the net.
18:58 of 3rd period - Snap shot by Brett Sutter.
18:58 of 3rd period - Shot Blocked by Erik Condra.
19:00 of 3rd period - Slapshot by Davis Drewiske.
19:00 of 3rd period - Stopped by Joe Cannata without a rebound.
19:01 of 3rd period - Denis Savard call a timeout for Atomiques.
19:01 of 3rd period - Andrew Kozek wins face-off versus Darren Helm in Demolitions zone.
19:02 of 3rd period - Backhand shot by Steve McCarthy.
19:02 of 3rd period - Shot Misses the Net.
19:10 of 3rd period - Slapshot by Mike Sauer.
19:10 of 3rd period - Shot Misses the Net.
19:16 of 3rd period - Wrist shot by Darren Helm.
19:16 of 3rd period - Goal by Darren Helm - Demolitions : 6 - Atomiques : 4.
19:16 of 3rd period - Jeremy Smith from Atomiques was sent back in the game.
19:17 of 3rd period - Brett Sutter wins face-off versus Corban Knight in neutral zone.
Goals for this period are 1 for Demolitions vs 1 for Atomiques.
Shots for this period are 7 for Demolitions vs 19 for Atomiques.
Back to the Top